 Seeded DCSS version 0.29-a0-520-gc852659d43 (webtiles) character file.

Game seed: 9552341793505258686 (custom seed)

816 zeratav the Digger (level 7, -1/61 HPs)
             Began as an Octopode Earth Elementalist on May 31, 2022.
             Succumbed to an orc wizard's poison
             ... on level 5 of the Dungeon.
             The game lasted 00:06:07 (4681 turns).

zeratav the Digger (Octopode Earth Elementalist)    Turns: 4681, Time: 00:06:08

Health: -1/61      AC:  8    Str: 14    XL:     7   Next: 94%
Magic:  10/14      EV: 13    Int: 19    God:
Gold:   57         SH:  5    Dex: 12    Spells: 11/15 levels left

rFire   . . .      SeeInvis .   k - +2 dagger (protect) {short}
rCold   . . .      Faith    .   (no shield)
rNeg    . . .      Spirit   .   (helmet restricted)
rPois   .          Reflect  +   s - amulet of reflection
rElec   .          Harm     .   m - ring of wizardry
rCorr   .          Rampage  .   q - ring of willpower
Will    +....                   w - +6 ring of strength
Stlth   ..........              (no ring)
HPRegen 0.20/turn               (no ring)
MPRegen 0.14/turn               (no ring)
                                (no ring)
                                (no ring)

@: berserking, lethally poisoned (-1 -> -17), under a protective aura, very
quick
A: almost no armour, amphibious, 8 rings, camouflage 1, gelatinous body 1,
(nimble swimmer 1), tentacles
a: no special abilities


You were on level 5 of the Dungeon.
You visited 1 branch of the dungeon, and saw 5 of its levels.

You collected 288 gold pieces.
You spent 231 gold pieces at shops.


Innate Abilities, Weirdness & Mutations

You cannot wear most types of armour.
You are amphibious.
You can wear up to eight rings at the same time.
Your skin changes colour to match your surroundings (Stealth+).
Your rubbery body absorbs attacks. (AC +1, EV +1)
((You are camouflaged when in or above water. (Stealth+)))
You have tentacles for arms and can constrict up to eight enemies at once.


   Skills:
 - Level 2.0 Dodging
 - Level 2.6 Stealth
 + Level 4.8 Spellcasting
 - Level 1.0 Transmutations
 * Level 7.7 Earth Magic


You had 11 spell levels left.
You knew the following spells:

 Your Spells              Type           Power      Damage    Failure   Level
a - Sandblast             Erth           66%        2d15      1%          1
b - Stone Arrow           Conj/Erth      38%        3d9       3%          3

Your spell library contained the following spells:

 Spells                   Type           Power      Damage    Failure   Level
 Passwall                 Tmut/Erth      17%        N/A       1%          2
 Petrify                  Tmut/Erth      21%        N/A       9%          4
 Iskenderun's Battlesphe  Conj           4%         2d6       77%         5
 Iron Shot                Conj/Erth      9%         9d3       82%         6
 Spellforged Servitor     Conj/Summ      2%         N/A       100%        7

Inventory:

Hand Weapons
 k - a +2 dagger of protection (weapon) {short}
   (You took it off a kobold on level 2 of the Dungeon)
Missiles
 a - 81 stones {throwing}
Armour
 x - a +2 tower shield
   (You bought it in a shop on level 5 of the Dungeon)
Jewellery
 m - a ring of wizardry (left tentacle)
   (You found it on level 3 of the Dungeon)
 q - a ring of willpower (right tentacle)
   (You found it on level 4 of the Dungeon)
 s - an amulet of reflection (around mantle)
   (You found it on level 4 of the Dungeon)
 w - a +6 ring of strength (on tentacle)
   (You took it off an orc on level 5 of the Dungeon)
Wands
 o - a wand of iceblast (7)
   (You found it on level 3 of the Dungeon)
Scrolls
 b - a scroll of immolation {unknown}
 c - 2 scrolls of amnesia {unknown}
 e - 2 scrolls of teleportation {unknown}
 i - 2 scrolls of fear {unknown}
 j - 3 scrolls of fog {unknown}
 l - 3 scrolls of vulnerability {unknown}
 n - 4 scrolls of identify {unknown}
 r - a scroll of enchant weapon {unknown}
 u - a scroll of poison {unknown}
 v - a scroll of blinking {unknown}
Potions
 d - 2 potions of heal wounds {unknown}
 g - 2 potions of flight {unknown}
 h - a potion of curing {@q1}
 p - 2 potions of brilliance {unknown}
 t - a potion of might {unknown}

Dungeon Overview and Level Annotations

Branches:
Dungeon (5/15)
 Temple: D:4-7

Altars:
Fedhas
Qazlal
Trog
Uskayaw
Vehumet
Xom
Yredelemnul
The Shining One

Shops:
D:5

* ### ## #.. .. #.# .#
######## #.####'#####
#......#######!##....#P≈≈
#......#.....#.##....####
#......#.._..#..@.)).....
.......##...##.##).......
............##.####..####
#######..####..##.#..#l≈≈
##≈P #....)...##.#..#≈P.
#.≈.≈.#........##≈#..#≈≈≈
##≈≈≈##.....##.####..####
# ### #.....##<##........
#######...####..+


You could see a frilled lizard.


Message History

Deactivating autopickup; reactivate with Ctrl-A.
MP[-1]
You lost 1 mp, and now have 11/14 mp.
The blast of sand hits the orc priest!
MP[-1]
You lost 1 mp, and now have 10/14 mp.
The blast of sand hits the orc priest.
The frilled lizard hisses.
MP[-1]
You lost 1 mp, and now have 9/14 mp.
The blast of sand hits the orc priest!
You kill the orc priest!
Something hits you.
You are poisoned.
HP[-5] MP[-1]
You take 5 damage, and now have 36/41 hp.
You lost 1 mp, and now have 8/14 mp.
You can't see any susceptible monsters within range! (Use Z to cast anyway.)
You hit something.
Your weapon exudes an aura of protection.
Your squeeze misses something.
You feel very sick. Something hits you.
You are more poisoned.
HP[-4] MP[+1]
You take 4 damage, and now have 32/41 hp.
You miss something.
You feel very sick. Something hits you but does no damage.
You are more poisoned.
HP[-4]
You take 4 damage, and now have 28/41 hp.
You closely miss something.
You feel very sick. Something hits you but does no damage.
You are lethally poisoned!
HP[-6]
You take 6 damage, and now have 22/41 hp.
You barely miss something.
* * * LOW HITPOINT WARNING * * *
You feel very sick.
You hear some strange, mumbled words.
A magic dart appears from out of thin air!
The magic dart hits you.
* * * LOW HITPOINT WARNING * * *
HP[-10]
You take 10 damage, and now have 12/41 hp.
MASSIVE DAMAGE!! (PAUSE)
You miss something.
* * * LOW HITPOINT WARNING * * *
You feel very sick. Something hits you.
* * * LOW HITPOINT WARNING * * *
You are more poisoned.
HP[-7]
You take 7 damage, and now have 5/41 hp.
It was a potion of curing.
You feel better. Something hits you.
* * * LOW HITPOINT WARNING * * *
You are lethally poisoned!
HP[+4]
You regained 4 hp, and now have 9/41 hp.
You feel better. Something hits you.
* * * LOW HITPOINT WARNING * * *
You are poisoned.
HP[+1]
You hit something.
Your weapon exudes an aura of protection.
* * * LOW HITPOINT WARNING * * *
You feel sick.
You hear some strange, mumbled words.
A magic dart appears from out of thin air!
The magic dart hits you!
* * * LOW HITPOINT WARNING * * *
HP[-9] MP[+1]
You take 9 damage, and now have 1/41 hp.
MASSIVE DAMAGE!! (PAUSE)
You feel better. Something hits you.
* * * LOW HITPOINT WARNING * * *
You are lethally poisoned!
HP[+6]
You regained 6 hp, and now have 7/41 hp.
It was a potion of berserk rage.
A red film seems to cover your vision as you go berserk!
You feel yourself moving faster!
You feel mighty!
* * * LOW HITPOINT WARNING * * *
You feel very sick. Something hits you.
* * * LOW HITPOINT WARNING * * *
You are more poisoned.
HP[-2]
You now have 61 max hp (+20).
You are too berserk!
You puncture something!
Reactivating autopickup.
You feel a bit more experienced.
* * * LOW HITPOINT WARNING * * *
You feel very sick.
HP[-4]
You take 4 damage, and now have 1/61 hp.
You die...

Skill      XL: |  1  2  3  4  5  6  7 |
---------------+----------------------+-----
Earth Magic    | 5 6 7 |  7.7
Spellcasting   | 3 4 |  4.8
Dodging        | |  2.0
Stealth        | |  2.6
Transmutations | |  1.0

Action                   |  1- 3 |  4- 6 |  7- 9 || total
-------------------------+-------+-------+-------++-------
Melee: Short sword       |    38 |       |       ||    38
       Tentacles         |     8 |     5 |     1 ||    14
       Constrict         |     7 |     7 |     2 ||    16
       Unarmed           |     1 |       |       ||     1
       Dagger            |     5 |    25 |    12 ||    42
       Punch             |       |     1 |       ||     1
 Cast: Sandblast         |    26 |    37 |    24 ||    87
       Stone Arrow       |       |       |     4 ||     4
  Use: Potion            |     1 |       |     4 ||     5
 Stab: Sleeping          |     5 |     3 |       ||     8
Armor: Skin              |     2 |     1 |     2 ||     5
Dodge: Dodged            |    33 |    15 |     3 ||    51

Levels and vault maps discovered:
D:1:      co_arrival_random_square_maze, layout_loops_ring, chequers_big_river
D:2:      layout_loops_cross, uniq_sigmund, uniq_jessica
D:3:      layout_basic, grunt_temple_overflow_open,
          ebering_ecumenical_altar_mist, chequers_serial_rivers_large_b,
          lexackson_kobold_supper
D:4:      layout_basic
D:5:      layout_rooms, mainiacjoe_overflow_alcove_1,
          nicolae_wu_jian_wuxing_cycle, serial_aquarium, aquarium_bridge_square
          [aquarium_subvault_window, aquarium_subvault_wall,
          aquarium_subvault_bridge, aquarium_subvault_wall],
          aquarium_window_fake, aquarium_window_corner, aquarium_view_2c,
          aquarium_view_2e, aquarium_pool_five, grunt_ministairs_9,
          minmay_shop_mass, minmay_misc_feat_room, kennysheep_generic_room_4,
          uniq_menkaure

Notes
Turn   | Place    | Note
-------+----------+-------------------------------------------
     0 | D:1      | zeratav the Octopode Earth Elementalist began the quest for
                  | the Orb.
     0 | D:1      | Reached XP level 1. HP: 11/11 MP: 3/3
     0 | D:1      | magus.rc [v1.9.6]
   453 | D:1      | Reached XP level 2. HP: 17/17 MP: 5/5
  1067 | D:1      | Reached XP level 3. HP: 21/21 MP: 6/6
  1909 | D:2      | Reached skill level 4 in Earth Magic
  1921 | D:2      | Noticed Jessica
  1980 | D:2      | Noticed Sigmund
  1985 | D:2      | HP: 3/21 [Sigmund/+0 scythe (11)]
  1988 | D:2      | Killed Sigmund
  1989 | D:2      | Reached skill level 3 in Spellcasting
  1989 | D:2      | Reached skill level 5 in Earth Magic
  1989 | D:2      | Reached XP level 4. HP: 4/27 MP: 6/9
  1989 | D:2      | Reached XP level 5. HP: 5/31 MP: 6/10
  2402 | D:2      | Killed Jessica
  2403 | D:2      | Reached XP level 6. HP: 36/36 MP: 9/11
  2647 | D:3      | Found a bloodstained altar of Trog.
  2648 | D:3      | Found a hide-covered altar of Uskayaw.
  2651 | D:3      | Found a glowing golden altar of the Shining One.
  2655 | D:3      | Found a stormy altar of Qazlal.
  2674 | D:3      | Found a basalt altar of Yredelemnul.
  2676 | D:3      | Found a radiant altar of Vehumet.
  2676 | D:3      | Found a shimmering altar of Xom.
  2862 | D:3      | Found a faded altar of an unknown god.
  3616 | D:4      | Reached skill level 6 in Earth Magic
  3859 | D:4      | You pick up a book of Power and begin reading...
  3859 | D:4      | You add the spells Iskenderun's Battlesphere, Iron Shot and
                  | Spellforged Servitor to your library.
  4099 | D:5      | Entered Level 5 of the Dungeon
  4128 | D:5      | Reached skill level 4 in Spellcasting
  4272 | D:5      | Reached XP level 7. HP: 41/41 MP: 9/13
  4276 | D:5      | Learned a level 3 spell: Stone Arrow
  4329 | D:5      | Found Vosuot's Mass Market.
  4358 | D:5      | Noticed Menkaure
  4456 | D:5      | Killed Menkaure
  4457 | D:5      | Reached skill level 7 in Earth Magic
  4623 | D:5      | Bought a +2 tower shield for 231 gold pieces
  4650 | D:5      | Found a blossoming altar of Fedhas.
  4674 | D:5      | HP: 9/41 [poisoned by an orc wizard]
  4677 | D:5      | HP: 1/41 [something/magic dart (7)]
  4681 | D:5      | Succumbed to an orc wizard's poison

Vanquished Creatures
  Sigmund (D:2)
  Menkaure (D:5)
  An ogre (D:5)
  2 howler monkeys (D:5)
  An orc priest (D:5)
  2 hounds
  Jessica (D:2)
  3 iguanas
  3 orc wizards
  2 adders (D:5)
  2 ufetubi
  5 dart slugs
  9 orcs
  4 ball pythons
  5 endoplasms
  2 giant cockroaches (D:1)
  A goblin (D:4)
  5 hobgoblins
  2 jackals (D:1)
  3 quokkas
  3 bats
  6 frilled lizards
  11 kobolds
  7 rats
82 creatures vanquished.

Vanquished Creatures (others)
  4 fungi (D:5)
  3 plants (D:3)
7 creatures vanquished.

Grand Total: 89 creatures vanquished

Table legend:
 A = Non-vault XP
 B = Vault XP
 C = Vault XP percentage of total XP
 D = Non-vault monster count
 E = Vault monster count
 F = Vault count percentage of total count
                 A         B        C        D         E       F
            +---------+---------+-------+---------+---------+-------
      Total |     479 |     687 |  58.9 |      67 |      15 |  18.3
            +---------+---------+-------+---------+---------+-------
        D:1 |      38 |       0 |   0.0 |      20 |       0 |   0.0
        D:2 |      15 |     268 |  94.7 |       9 |       2 |  18.2
        D:3 |      68 |      12 |  15.0 |      17 |       8 |  32.0
        D:4 |      99 |       0 |   0.0 |       9 |       0 |   0.0
        D:5 |     259 |     407 |  61.1 |      12 |       5 |  29.4
            +---------+---------+-------+---------+---------+-------

Illustrated notes

Table legend:
 A = Kills in this place as a percentage of kills in entire the game.
 B = Kills by you in this place as a percentage of kills by you in the entire game.
 C = Kills by friends in this place as a percentage of kills by friends in the entire game.
 D = Other kills in this place as a percentage of other kills in the entire game.
 E = Experience gained in this place as a percentage of experience gained in the entire game.
 F = Experience gained in this place divided by the number of levels of this place that you have seen.
                   A       B       C       D       E      F
               +-------+-------+-------+-------+-------+----------------------
         Total | 100.0 | 100.0 |   N/A |   N/A | 100.0 | 233.2
       Dungeon | 100.0 | 100.0 |   N/A |   N/A | 100.0 | 233.2
               +-------+-------+-------+-------+-------+----------------------

Table legend: (Time is in decaauts)
 A = Elapsed time spent in this place.
 B = Non-inter-level travel time spent in this place.
 C = Inter-level travel time spent in this place.
 D = Time resting spent in this place.
 E = Time spent auto-exploring this place.
 F = Levels seen in this place.
 G = Mean time per level.
                   A        B        C        D        E       F      G
               +--------+--------+--------+--------+--------+-----+--------+
         Total |   4680 |   4583 |     97 |    416 |   3641 |   5 |  936.0 |
       Dungeon |   4680 |   4583 |     97 |    416 |   3641 |   5 |  936.0 |
               +--------+--------+--------+--------+--------+-----+--------+

Top non-repeatable levels by time:
     D:1: 1224 daAuts
     D:2: 1207 daAuts
     D:3: 974 daAuts
     D:4: 694 daAuts
     D:5: 580 daAuts
